 Dungeon Crawl Stone Soup version 0.18-a0-1702-gd20c6a5 (webtiles) character file.

81 wvc the Cudgeler (level 4, -2/35 HPs)
             Began as a Mummy Chaos Knight on Apr 6, 2016.
             Was an Initiate of Ashenzari.
             Slain by a worm (6 damage)
             ... on level 2 of the Dungeon.
             The game lasted 00:04:01 (2163 turns).

wvc the Cudgeler (Mummy Chaos Knight)               Turns: 2163, Time: 00:04:01

Health: -2/35      AC:  5    Str: 15      XL:     4   Next: 19%
Magic:  4/4        EV: 11    Int: 11 (12) God:    Ashenzari [......]
Gold:   1125       SH:  0    Dex: 11      Spells: 0 memorised, 3 levels left

rFire  x . .     SeeInvis .     a - +0 mace (chaos)
rCold  + . .     Gourm    .     b - +2 leather armour
rNeg   + + +     Faith    .     (no shield)
rPois  ∞         Spirit   .     (no helmet)
rElec  .         Dismiss  .     (no cloak)
rCorr  .         Reflect  .     (no gloves)
SustAt .         Harm     .     (no boots)
MR     .....                    (no amulet)
Stlth  +.........               (no ring)
                                (no ring)

@: not resistant to hostile enchantments, very unstealthy
A: no food or potions, fire vulnerability, cold resistance 1, negative energy
resistance 3, torment resistance, unbreathing
a: Curse Item, Renounce Religion


You were on level 2 of the Dungeon.
You worshipped Ashenzari.
Ashenzari was noncommittal.
You were not hungry.

You visited 1 branch of the dungeon, and saw 2 of its levels.

You collected 1125 gold pieces.

Inventory:

Hand Weapons
 a - a +0 mace of chaos (weapon)
Missiles
 c - 2 javelins (quivered)
Armour
 b - a +2 leather armour (worn)
Jewellery
 d - an uncursed ring of loudness
Wands
 f - a wand of acid (10/15)
Scrolls
 e - a scroll of noise
 g - a scroll of fog


   Skills:
 - Level 3.0 Fighting
 * Level 4.2 Maces & Flails
 - Level 1.5 Armour
 - Level 0.7 Dodging


You had 3 spell levels left.
You didn't know any spells.

Dungeon Overview and Level Annotations

Branches:
Dungeon (2/15)

Altars:
Ashenzari
Trog


Innate Abilities, Weirdness & Mutations

You do not eat or drink.
Your flesh is vulnerable to fire.
You are immune to poison.
Your flesh is cold resistant.
You are immune to negative energy.
You are immune to unholy pain and torment.
You can survive without breathing.


Message History

No target in view!
No target in view!
No target in view!
You hit something. You closely miss something. Something bites you!
You hit something but do no damage. You closely miss something.
Your leather armour prevents you from hitting something.
You hit something. You burn something. Something bites you!
You closely miss something. Something bites you!
* * * LOW HITPOINT WARNING * * *
You barely miss something. Something bites you.
* * * LOW HITPOINT WARNING * * *
You closely miss something. You hit the bush but do no damage.
The bush is lightly damaged.
Something bites you.
You die...

##......♣♣P.....P♣♣..............
####....♣♣PP...PP♣♣.#######......
.........♣♣PP.PP♣♣...## ##.....
........#♣♣♣♣.♣♣♣♣##..#### #.....
.......## ♣.♣♣.........###.....
#....### #.#######...%..♣♣♣♣♣♣
#..>.# #...##########.......
#....# ##.♣......# #.♣♣♣♣♣♣
...### #PP♣@.....# ### #
...##########..P.{....# ###
..............P♣♣P....# #..
.##.§....##..♣♣♣♣♣.#### #..
....####.....♣♣♣.♣).## ######..
....# #####.PP♣♣....♣♣♣♣♣.......
....# ##P♣♣....♣♣♣..♣♣####..
....# #..♣♣♣..♣P...P♣♣ #.. ....#
*#.P♣.P.♣....♣.♣###..


There were no monsters in sight!

Vanquished Creatures
  3 adders (D:2)
  2 worms (D:2)
  2 dart slugs (D:2)
  3 giant geckos (D:2)
  A ball python (D:2)
  7 bats
  3 giant cockroaches
  3 goblins (D:2)
  8 hobgoblins
  3 giant newts
  2 kobolds
  5 rats (D:2)
42 creatures vanquished.

Notes
Turn   | Place    | Note
--------------------------------------------------------------
     0 | D:1      | wvc the Mummy Chaos Knight began the quest for the Orb.
     0 | D:1      | Reached XP level 1. HP: 18/18 MP: 1/1
    14 | D:1      | XOM: divination: magic mapping
   473 | D:1      | XOM: butterfly on damage
   495 | D:1      | Reached XP level 2. HP: 6/24 MP: 2/2
   496 | D:1      | Reached skill level 3 in Maces & Flails
   984 | D:1      | XOM: cast spell 'Summon Butterflies'
  1138 | D:2      | XOM: smoke on damage
  1146 | D:2      | Found a shattered altar of Ashenzari.
  1146 | D:2      | Found a bloodstained altar of Trog.
  1267 | D:2      | Fell from the grace of Xom
  1267 | D:2      | Became a worshipper of Ashenzari the Shackled
  1356 | D:2      | Reached XP level 3. HP: 27/29 MP: 3/3
  1624 | D:2      | XOM: medium Divn miscast
  1658 | D:2      | XOM: severe Necr miscast
  1801 | D:2      | XOM: mild Air miscast
  1811 | D:2      | Reached skill level 4 in Maces & Flails
  1854 | D:2      | XOM: god gift: 990 gold pieces
  1984 | D:2      | Reached XP level 4. HP: 35/35 MP: 4/4
  2163 | D:2      | Slain by a worm

Vault maps used:
D:1:      lightli_iron_boxes
D:2:      gammafunk_temple_overflow_elements, serial_forest,
          infiniplex_forest_fountain, infiniplex_forest_diagonal,
          infiniplex_forest_side_room, infiniplex_forest_straight_2,
          infiniplex_forest_end_2, infiniplex_forest_straight_2,
          infiniplex_forest_straight_4, infiniplex_forest_clump_long,
          st_stairs_13

Skill      XL: |  1  2  3 |
---------------+----------+-----
Maces & Flails | 3 4 |  4.2
Fighting       | |  3.0
Armour         | |  1.5
Dodging        | |  0.7

Action                   |  1- 3 |  4- 6 || total
-------------------------+-------+-------++-------
Melee: Mace              |   120 |    33 ||   153
  Use: Scroll            |     6 |       ||     6
 Stab: Confused          |     1 |       ||     1
